AoeStats
← ACEvril CLUTCHvigne

Arena

510387307Analyzed
1v1 RM · 6h ago on Sep 30, 2026· 29m 0s· 2 players
Game mode
Random Map
Map size
Tiny (2 player)
Population
200
Speed
Normal
Resources
Standard
Victory
Conquest
Starting age
Dark Age
Ending age
Imperial Age
RankedLock teamsTeams togetherTeam positionsShared explorationLock speedFull tech treeHidden civsTurbo modeCheats
Victory
Defeat
🇮🇹 Franks · Italy
470
+14
🇷🇺 Turks · Russia
426
-14
NALLAREY
14:55 Feudal Age
14:58 Loom
16:31 Wheelbarrow
15:17 Man-at-Arms
15:40 Horse Collar
17:05 Gold Mining
17:02 Double-Bit Axe
17:53 Town Watch
19:22 Forging
20:39 Bloodlines
20:25 Stone Mining
24:11 Castle Age
23:54 Scale Mail Armor
24:30 Long Swordsman
25:11 Squires
ACEvril CLUTCHvigne
6:58 Loom
12:15 Feudal Age
13:34 Wheelbarrow
13:03 Double-Bit Axe
18:05 Gold Mining
21:59 Castle Age
21:12 Scale Barding Armor
21:20 Forging
21:18 Stone Mining
24:30 Iron Casting
25:02 Husbandry
29:04 Hand Cart
Connection lost

Rejoining the realm…

Still unreachable

The connection could not be restored.

Session expired

The server has moved on; the page needs a fresh start.